 Dungeon Crawl Stone Soup version 0.27-a0-54-g64bdb92e38 (webtiles) character file.

Game seed: 5532257459902021193

2176 Borgoz the Skirmisher (level 9, -1/78 HPs)
             Began as a Ghoul Monk on Jan 7, 2021.
             Was a Believer of Ashenzari.
             Slain by an orc warrior
             ... wielding a +0 glaive
              (17 damage)
             ... on level 7 of the Dungeon.
             The game lasted 00:10:52 (8356 turns).

Borgoz the Skirmisher (Ghoul Monk)                  Turns: 8356, Time: 00:10:53

Health: -1/78      AC:  9    Str: 17    XL:     9   Next: 32%
Magic:  8/8        EV: 13    Int:  5    God:    Ashenzari [**....]
Gold:   307        SH:  7    Dex: 12    Spells: 8/8 levels left

rFire    . . .     SeeInvis .     - Unarmed
rCold    + . .     Faith    .   d - +2 buckler
rNeg     + + +     Spirit   .   c - +1 ring mail
rPois    ∞         Reflect  .   (no helmet)
rElec    .         Harm     .   o - +1 cloak
rCorr    .         Rampage  .   (no gloves)
Will     .....                  (no boots)
Stlth    ++........             (no amulet)
HPRegen  0.00/turn              (no ring)
MPRegen  0.11/turn              (no ring)

@: no status effects
A: claws 1, cold resistance 1, negative energy resistance 3, inhibited
regeneration, torment resistance, unbreathing
a: Renounce Religion, Curse Item, Scrying


You were on level 7 of the Dungeon.
You worshipped Ashenzari.
Ashenzari was pleased with you.
You visited 2 branches of the dungeon, and saw 8 of its levels.
You also visited: Sewer.

You collected 307 gold pieces.

Inventory:

Armour
 c - a +1 ring mail (worn)
 d - a +2 buckler (worn)
 o - a +1 cloak (worn)
Jewellery
 p - an uncursed ring of flight
Wands
 m - a wand of iceblast (5)
 v - a wand of acid (22)
Scrolls
 b - 4 scrolls of fog
 e - 6 scrolls of teleportation
 i - 2 scrolls of fear
 n - 4 scrolls of remove curse
 q - a scroll of summoning
 r - a scroll of identify
 s - a scroll of blinking
 t - a scroll of enchant armour
Potions
 a - a potion of invisibility
 f - 5 potions of might
 g - 2 potions of magic
 j - 3 potions of brilliance
 k - 2 potions of cancellation
 l - a potion of flight
 u - a potion of curing


   Skills:
 + Level 6.6 Fighting
 + Level 4.5 Armour
 + Level 5.4 Dodging
 - Level 5.0 Stealth
 + Level 4.0 Shields
 + Level 6.6 Unarmed Combat


You had 8 spell levels left.
You didn't know any spells.
Your spell library contained the following spells:

 Spells                   Type           Power        Failure   Level
 Confusing Touch          Hex            0%           95%         3
 Gell's Gravitas          Tloc           0%           95%         3
 Petrify                  Tmut/Erth      0%           100%        4
 Metabolic Englaciation   Hex/Ice        0%           100%        5
 Yara's Violent Unravell  Hex/Tmut       0%           100%        5


Dungeon Overview and Level Annotations

Branches:
Dungeon (7/15)             Temple (1/1) D:5           Sewer (visited)

Altars:
Ashenzari
Cheibriados
Dithmenos
Elyvilon
Fedhas
Gozag
Hepliaklqana
Kikubaaqudgha
Makhleb
Nemelex Xobeh
Okawaru
Qazlal
Ru
Sif Muna
Trog
Uskayaw
Vehumet
Wu Jian
Xom
Yredelemnul
Zin
The Shining One

Shops:
D:4 :


Innate Abilities, Weirdness & Mutations

You thrive by killing the living.
You are immune to poison.
You have sharp fingernails.
Your flesh is cold resistant. (rC+)
You are immune to negative energy. (rN+++)
You do not regenerate when monsters are visible.
You are immune to unholy pain and torment.
You can survive without breathing.


Message History

The orc priest hits you but does no damage.
You claw the orc!
You kill the orc!
The hound zombie barely misses you. The orc priest closely misses you.
You block the orc warrior's attack. The orc hits you but does no damage.
The hound zombie barely misses you.
Found an uncursed leather armour.
The orc hits you but does no damage.
The orc warrior hits you from afar with a +0 glaive.
The orc priest calls down the wrath of Beogh upon you.
Beogh smites you! You block the orc's attack.
The orc warrior hits you from afar with a +0 glaive!
You claw the orc!
You kill the orc!
The orc priest calls down the wrath of Beogh upon you.
Beogh smites you!
* * * LOW HITPOINT WARNING * * *
The hound zombie misses you.
The orc warrior hits you from afar with a +0 glaive!
You die...

, , ##...........##....####
#.....)......###..## ,
*#............###...##### ,
#......(.)..##......#..## ,
,........................# ,
,.....#....o#.##....#....# ,
.........oo####........## *
.........oZ###........##
..........O@...........##
.....##.##..####........#### [.
#..##.#....####...#.#. ,
##........#.###)....... ,......,
..........##............ ........
........................
..#....###.#...............#.###.
...........##...#......(...#.# ##
#.#.#..........##..........###


You could see an orc warrior, an ogre, an orc priest, 2 orcs and a hound zombie.

Vanquished Creatures
  An ice beast (D:7)
  A sky beast (D:7)
  2 black bears (D:6)
  4 phantoms
  An ogre (D:6)
  2 centaurs (D:5)
  2 bullfrogs (D:6)
  5 wights
  A bullfrog zombie (D:3)
  A bullfrog skeleton (D:4)
  5 orc wizards (D:6)
  3 hounds
  2 orc priests
  Crazy Yiuf (D:4)
  An iguana (D:6)
  Terence (D:2)
  8 worker ants
  A hound zombie (D:6)
  A hound skeleton (D:7)
  3 gnolls (D:4)
  6 adders
  2 white imps
  An ooze (D:1)
  4 worms
  A dart slug (D:3)
  5 leopard geckos
  22 orcs
  7 ball pythons
  4 giant cockroaches
  5 hobgoblins
  11 jackals
  5 quokkas
  9 bats
  12 frilled lizards
  3 goblins
  15 kobolds
  10 rats
168 creatures vanquished.

Vanquished Creatures (others)
  9 plants
9 creatures vanquished.

Grand Total: 177 creatures vanquished

Notes
Turn   | Place    | Note
-------+----------+-------------------------------------------
     0 | D:1      | Borgoz the Ghoul Monk began the quest for the Orb.
     0 | D:1      | Reached XP level 1. HP: 19/19 MP: 0/0
   210 | D:1      | Reached XP level 2. HP: 26/26 MP: 1/1
   556 | D:2      | Reached XP level 3. HP: 31/31 MP: 2/2
   601 | D:2      | Reached skill level 1 in Armour
   694 | D:2      | Reached XP level 4. HP: 31/40 MP: 3/3
  1080 | D:2      | Noticed Terence
  1094 | D:2      | Killed Terence
  1330 | D:3      | Found a glowing drain.
  1349 | D:3      | Reached XP level 5. HP: 46/46 MP: 4/4
  1357 | Sewer    | Entered a sewer
  2945 | D:4      | Reached XP level 6. HP: 52/52 MP: 5/5
  3057 | D:4      | Found Urebad's Book Boutique.
  3303 | D:4      | Reached skill level 1 in Shields
  3829 | D:4      | Found a runed translucent door.
  3830 | D:4      | Noticed Crazy Yiuf
  3982 | D:4      | Killed Crazy Yiuf
  4039 | D:5      | Entered Level 5 of the Dungeon
  4039 | D:5      | Found a stormy altar of Qazlal.
  4065 | D:5      | Reached XP level 7. HP: 48/60 MP: 6/6
  4347 | D:5      | Found a staircase to the Ecumenical Temple.
  4432 | D:5      | Reached skill level 5 in Unarmed Combat
  4468 | Temple   | Entered the Ecumenical Temple
  4832 | Temple   | Became a worshipper of Ashenzari the Shackled
  4832 | Temple   | Reached * piety under Ashenzari
  4832 | Temple   | Reached ** piety under Ashenzari
  4992 | D:5      | Reached skill level 5 in Fighting
  5067 | D:5      | HP: 3/61 [electric eel/bolt of electricity (7)]
  5613 | D:5      | Reached XP level 8. HP: 37/68 MP: 7/7
  6514 | D:6      | Reached skill level 5 in Stealth
  6961 | D:6      | Found the +6 lightning scales {run, rElec}
  7319 | D:6      | Reached skill level 5 in Dodging
  7377 | D:6      | Reached XP level 9. HP: 29/75 MP: 8/8
  7549 | D:6      | Found a hide-covered altar of Uskayaw.
  7564 | D:6      | Found a bloodstained altar of Trog.
  8356 | D:7      | Slain by an orc warrior

Illustrated notes

Levels and vault maps discovered:
D:1:      lightli_arrival_farm, layout_rooms
D:2:      layout_rooms, uniq_terence
D:3:      layout_loops_ring, gup_sewer_entry_glass
D:4:      layout_loops_ring, serial_shops, nicolae_shop_trees,
          uniq_crazy_yiuf_cottage
D:5:      cheibrodos_two_vegetables, layout_basic, minmay_temple_entry_trees,
          chequers_serial_rivers_micro_d, nicolae_qazlal_general_emergency
D:6:      layout_cave_pods, kennysheep_mini_moat, moated_statue, minivault_1,
          trog_ov_bears_minmay
D:7:      layout_cave_pools, minmay_misc_feat_four_crosses
Temple:   kilobyte_greek_temple

Skill      XL: |  1  2  3  4  5  6  7  8  9 |
---------------+----------------------------+-----
Armour         | 1 2 3 4 |  4.5
Dodging        | 3 4 5 |  5.4
Stealth        | 3 4 5 |  5.0
Unarmed Combat | 4 5 6 |  6.6
Fighting       | 4 5 6 |  6.6
Shields        | 1 2 3 4 |  4.0

Action                   |  1- 3 |  4- 6 |  7- 9 || total
-------------------------+-------+-------+-------++-------
Melee: Unarmed           |   106 |   356 |   359 ||   821
       Punch             |       |     4 |       ||     4
  Use: Scroll            |       |    11 |     4 ||    15
       Potion            |       |     8 |     1 ||     9
 Stab: Sleeping          |       |     7 |     1 ||     8
Armor: Ring mail         |    34 |   120 |   111 ||   265
       Robe              |     3 |       |       ||     3
Dodge: Dodged            |    76 |   206 |   191 ||   473
Block: Buckler           |       |    34 |   114 ||   148

Table legend: (Time is in decaauts)
 A = Elapsed time spent in this place.
 B = Non-inter-level travel time spent in this place.
 C = Inter-level travel time spent in this place.
 D = Time resting spent in this place.
 E = Time spent auto-exploring this place.
 F = Levels seen in this place.
 G = Mean time per level.
                   A        B        C        D        E       F      G
               +--------+--------+--------+--------+--------+-----+--------+
         Total |   8526 |   8215 |    311 |   1490 |   4988 |   9 |  947.3 |
       Dungeon |   7110 |   6841 |    269 |   1254 |   4294 |   7 | 1015.7 |
        Temple |    406 |    364 |     42 |    234 |    117 |   1 |  406.0 |
         Sewer |   1009 |   1009 |      0 |      2 |    576 |   1 | 1009.0 |
               +--------+--------+--------+--------+--------+-----+--------+

Top non-repeatable levels by time:
     D:5: 2070 daAuts
     D:6: 1243 daAuts
     D:4: 1059 daAuts
   Sewer: 1009 daAuts
     D:3: 921 daAuts
     D:2: 722 daAuts
     D:7: 585 daAuts
     D:1: 506 daAuts
  Temple: 406 daAuts
